Unix NetHack Version 3.7.0-88 Work-in-progress - last build Aug 6 2023 13:40:22 (5c9c4c7fffe0d5f0a8b1342c2a36a56ed743986a,branch:master). Game began 2023-08-15 13:43:47, ended 2023-08-15 13:50:15. Arasaka, neutral male gnomish Archeologist ----- |...| |...-## -------------- ----- |...| # |............| |....# |...+### |............. |...|# #....| ###........^....| |.`.-##########|...| # #|............| |...|# ----- ###-----.----.- - -----## # # # #####%# # # ## # # @# # # # a # # # ###--+---|-- -------- ## ---.----- # #.........##### |......| ###.........### |......^| #############.......| |.......|# .h......| |......| |.......+# --------- |.....<| --------- -------- Arasaka the Field Worker St:15 Dx:9 Co:12 In:14 Wi:16 Ch:9 Neutral Dlvl:5 $:85 HP:0(26) Pw:23(23) AC:9 Xp:4/97 T:1666 Hungry Latest messages: You miss the iguana. You lash the iguana. The iguana bites! You lash the iguana. You miss the iguana. You kill the iguana! You see here a statue of a hobbit. You find a hidden passage. $ - 19 gold pieces (85 in total). There's some graffiti on the floor here. You read: "The Vibr?ti?g Squ?re". You are beginning to feel hungry. You find a hidden door. A rock mole suddenly appears close by! You miss the rock mole. The rock mole bites! You miss the rock mole. You miss the rock mole. You miss the rock mole. You miss the rock mole. You miss the rock mole. You miss the rock mole. The rock mole bites! The giant ant bites! The giant ant bites! You lash the giant ant. The giant ant bites! The giant ant bites! You kill the giant ant! You miss the rock mole. You miss the rock mole. The rock mole bites! You lash the rock mole. You miss the rock mole. You miss the rock mole. A bear trap closes on your foot! You are caught in a bear trap. You are caught in a bear trap. You are caught in a bear trap. You are caught in a bear trap. You are caught in a bear trap. You are caught in a bear trap. You are caught in a bear trap. You finally wriggle free. Your leg feels better. You lash the giant ant. The giant ant bites! You miss the giant ant. The giant ant bites! You die... Inventory: Coins ('$') $ - 85 gold pieces Amulets ('"') k - an uncursed amulet of magical breathing (being worn) Weapons (')') a - an uncursed +2 bullwhip (weapon in hand) Armor ('[') c - an uncursed +0 fedora (being worn) b - an uncursed +0 leather jacket (being worn) Comestibles ('%') d - 2 uncursed food rations q - an uncursed food ration Scrolls ('?') s - an uncursed scroll of identify r - an uncursed scroll of remove curse Potions ('!') n - an uncursed potion of polymorph Rings ('=') t - an uncursed +1 ring of increase accuracy l - an uncursed ring of polymorph control j - an uncursed ring of protection from shape changers m - an uncursed ring of regeneration Wands ('/') p - an uncursed wand of light (0:13) Tools ('(') z - an empty uncursed sack i - an uncursed magic marker (0:96) e - an uncursed +0 pick-axe (alternate weapon; not wielded) f - an uncursed tinning kit (0:51) Gems/Stones ('*') g - an uncursed touchstone Arasaka the Archeologist's attributes: Background: You were a Field Worker, a level 4 male gnomish Archeologist. You were neutral, nominally on a mission for Camaxtli who was opposed by Quetzalcoatl (lawful) and Huhetotl (chaotic). You were in the Dungeons of Doom, on level 5. You entered the dungeon 1666 turns ago. There was a new moon in effect when your adventure ended. You had 97 experience points, 63 more were needed to attain level 5. Basics: You had 0 out of 26 hit points. You had all 23 energy points (spell power). Your armor class was 9. Your wallet contained 85 zorkmids. Autopickup was on for '$"?' plus thrown, with exceptions. Final Characteristics: Your strength was 15 (limit:18/50). Your dexterity was 9 (limit:18). Your constitution was 12 (limit:18). Your intelligence was 14 (limit:19). Your wisdom was 16 (limit:18). Your charisma was 9 (limit:18). Final Status: You were hungry. You were unencumbered. You were wielding a whip. You had basic skill with whip. Final Attributes: You were devoutly aligned. You had automatic searching. You had infravision. You could survive without air. You are dead. Miscellaneous: You disabled loading of bones levels. Total elapsed playing time was 6 minutes and 28 seconds. Major events: Turn 1: Arasaka the neutral male gnomish Archeologist entered the dungeon 974: attained the rank of Field Worker (level 3) 1201: entered the Gnomish Mines 1666: killed by a giant ant Vanquished creatures: a rock piercer a giant ant a kobold leader an iguana a large kobold a giant rat a yellow mold a gnome zombie 2 geckos 2 jackals a fox 2 kobolds 3 goblins 2 sewer rats 5 grid bugs 5 lichens 2 kobold zombies 2 newts 34 creatures vanquished. No species were genocided or became extinct. Voluntary challenges: You were an atheist. You read items or engraved 1 time. You never engraved Elbereth. You never genocided any monsters. You never polymorphed an object. You never changed form. You used no wishes. Achievements: You entered a shop. You attained the rank of Field Worker. You entered the Gnomish Mines. The Dungeons of Doom: levels 1 to 5 Level 1: Level 2: A jewelers. Level 3: A general store. Level 4: A fountain. Stairs down to The Gnomish Mines. Level 5: <- You were here. Final resting place for you, killed by a giant ant. The Gnomish Mines: Level 5: Game over: ---------- / \ / REST \ / IN \ / PEACE \ / \ | Arasaka | | 85 Au | | killed by a | | giant ant | | | | | | 2023 | *| * * * | * _________)/\\_//(\/(/\)/\//\/|_)_______ Goodbye Arasaka the Archeologist... You died in The Dungeons of Doom on dungeon level 5 with 675 points, and 85 pieces of gold, after 1666 moves. You were level 4 with a maximum of 26 hit points when you died.